 Dungeon Crawl Stone Soup version 0.31.0-11-ge490571c62 (webtiles) character file.

Game seed: 11066095588398599542

51 qw the Shooter (level 3, -1/18 HPs)
             Began as a Spriggan Hunter on Feb 3, 2024.
             Slain by a gnoll
             ... wielding a +0 flail
              (11 damage)
             ... on level 3 of the Dungeon.
             The game lasted 00:00:28 (1650 turns).

qw the Shooter (Spriggan Hunter)                    Turns: 1650, Time: 00:00:28

Health: -1/18      AC:  2    Str:  7    XL:     3   Next: 57%
Magic:  4/4        EV: 19    Int: 10    God:
Gold:   156        SH:  0    Dex: 20    Spells: 2/2 levels left

rFire   . . .        a - +0 shortbow
rCold   . . .        (shield currently unavailable)
rNeg    . . .        c - +0 robe
rPois   .            (helmet restricted)
rElec   .            (no cloak)
rCorr   .            (gloves unavailable)
SInv    +            (boots unavailable)
Will    .....        (no amulet)
Stlth   ++           (no ring)
HPRegen 0.23/turn    (no ring)
MPRegen 0.09/turn

%: no passive effects
@: very quick
A: very small, no large weapons, unfitting armour, see invisible, speed 3
a: no special abilities


You were on level 3 of the Dungeon.
You visited 1 branch of the dungeon, and saw 3 of its levels.

You collected 156 gold pieces.


Innate Abilities, Weirdness & Mutations

You are very small and have problems with some larger weapons.
You are too small for most types of armour.
You have supernaturally acute eyesight. (SInv)
You cover ground extremely quickly. (Speed+++)


   Skills:
 - Level 1.5 Fighting
 + Level 4.8 Ranged Weapons
 - Level 4.0 Dodging
 - Level 1.5 Stealth


You had 2 spell levels left.
You didn't know any spells.
Your spell library was empty.

Inventory:

Hand Weapons
 a - a +0 shortbow (weapon)
Armour
 c - a +0 robe (worn)
Wands
 b - a wand of flame (17)
Potions
 g - a potion of heal wounds
 h - 2 potions of curing

Dungeon Overview and Level Annotations

Branches:
Dungeon (3/15)

Altars:


Message History

e - a potion of invisibility Done exploring.
1504 ||| READING scroll labelled ASTONI ZUIKID.
As you read the scroll labelled ASTONI ZUIKID, it crumbles to dust.
A wave of despondency washes over your surroundings.
It was a scroll of vulnerability.
You start waiting.
You feel your willpower return.
Done waiting.
Done exploring.
1605 ||| DROPPING potion of invisibility.
You drop a potion of invisibility.
Done exploring.
What level of the Dungeon? (default 2, ? - help)
There is a stone staircase leading down here.
You climb downwards.
Found 14 gold pieces.
There is a stone staircase leading up here.
Waypoint 2 assigned to D:3. 2 gnolls come into view.
The gnoll moves out of view.
You see here 14 gold pieces.
You shoot an arrow. The arrow hits the gnoll!
The gnoll shouts!
The gnoll is severely wounded.
You hear a loud squeak.
You shoot an arrow. The arrow closely misses the gnoll.
A gnoll comes into view. It is wielding a +0 halberd.
You shoot an arrow. The gnoll shouts!
The arrow hits the gnoll.
The gnoll is heavily wounded.
You shoot an arrow. The arrow hits the gnoll.
The gnoll is almost dead.
The gnoll hits you with a +0 flail! The gnoll misses you.
You shoot an arrow. The arrow hits the gnoll.
The gnoll is almost dead.
The gnoll hits you with a +0 flail!
Ouch! That really hurt!
You die...

#
####.#
#.<#.#
#....#
#....#
#.##.#
#@#
...
#g#
##...
#g.
...
##.g
.. ...
....
.....
######


You could see 3 gnolls.

Vanquished Creatures
  An adder (D:2)
  2 dart slugs
  3 bats
  7 endoplasms
  2 giant cockroaches (D:1)
  A goblin (D:1)
  3 hobgoblins (D:1)
  5 jackals
  A quokka (D:2)
  2 ball pythons (D:1)
  2 frilled lizards
  A kobold (D:1)
  4 rats
34 creatures vanquished.

Notes
Turn   | Place    | Note
-------+----------+-------------------------------------------
     0 | D:1      | qw the Spriggan Hunter began the quest for the Orb.
     0 | D:1      | Reached XP level 1. HP: 10/10 MP: 2/2
     0 | D:1      | 0 ||| qw: Version: 0.3-a-155-g5e7d8dd
     0 | D:1      | 0 ||| qw: Game counter: 3208
     0 | D:1      | 0 ||| qw: Melee chars always use a shield: true
     0 | D:1      | 0 ||| qw: God list: Okawaru
     0 | D:1      | 0 ||| qw: Allow faded altars: false
     0 | D:1      | 0 ||| qw: Do Orc after clearing Dungeon:15 true
     0 | D:1      | 0 ||| qw: Do second Lair branch before Depths: true
     0 | D:1      | 0 ||| qw: Lair rune preference: random
     0 | D:1      | 0 ||| qw: Goals: Normal
     0 | D:1      | 0 ||| PLANNING D:1-11
     8 | D:1      | Noticed a black bear
     8 | D:1      | Noticed an iguana
     8 | D:1      | Noticed a hog
     9 | D:1      | Noticed a boulder beetle
     9 | D:1      | Noticed a mana viper
    98 | D:1      | Reached skill level 3 in Dodging
   112 | D:1      | Reached XP level 2. HP: 10/14 MP: 3/3
   684 | D:1      | 684 ||| READING 3 scrolls labelled VOOBOE BU YRU.
   684 | D:1      | 684 ||| IDENTIFYING golden potion
   685 | D:1      | 685 ||| READING 2 scrolls of identify.
   685 | D:1      | 685 ||| IDENTIFYING fizzy brown potion
   686 | D:1      | 686 ||| READING scroll of identify.
   686 | D:1      | 686 ||| IDENTIFYING 3 bubbling sapphire potions
   687 | D:1      | 687 ||| READING scroll labelled SAMPIL XIOBRI.
   692 | D:1      | 692 ||| READING scroll labelled ILAMAK GETSA.
   692 | D:1      | 692 ||| ENCHANTING +0 shortbow.
   693 | D:1      | 693 ||| READING scroll labelled PEITIBR NUTAEGH.
   694 | D:1      | 694 ||| DROPPING scroll of butterflies.
   695 | D:1      | 695 ||| DROPPING 3 potions of degeneration.
   810 | D:2      | Reached XP level 3. HP: 12/18 MP: 4/4
   926 | D:2      | 926 ||| FLEEEEING.
   928 | D:2      | 928 ||| FLEEEEING.
  1401 | D:2      | Found a faded altar of an unknown god.
  1503 | D:2      | 1503 ||| READING scroll of identify.
  1503 | D:2      | 1503 ||| IDENTIFYING grey potion
  1504 | D:2      | 1504 ||| READING scroll labelled ASTONI ZUIKID.
  1605 | D:2      | 1605 ||| DROPPING potion of invisibility.
  1650 | D:3      | Slain by a gnoll

Levels and vault maps discovered:
D:1:      onia_arrival_zoo_common, layout_loops_cross, corexii_hall_statues_l,
          minmay_indecisive_spiral
D:2:      layout_basic, shapermc_ecumenical_altar_flowoftime, st_stairs_2,
          bh_walls_and_bars
D:3:      layout_basic, overflow_temple_1_default, kennysheep_generic_room_15

Skill      XL: |  1  2 |
---------------+-------+-----
Dodging        | 3 4 |  4.0
Fighting       | |  1.5
Ranged Weapons | |  4.8
Stealth        | |  1.5

Action                     || total
---------------------------++-------
   Fire: Shortbow          ||   107
    Use: Scroll            ||     8
 Armour: Robe              ||    22
  Dodge: Dodged            ||    66

Table legend:
 A = Non-vault XP
 B = Vault XP
 C = Vault XP percentage of total XP
 D = Non-vault monster count
 E = Vault monster count
 F = Vault count percentage of total count
                 A         B        C        D         E       F
            +---------+---------+-------+---------+---------+-------
      Total |      61 |      12 |  16.4 |      28 |       6 |  17.6
            +---------+---------+-------+---------+---------+-------
        D:1 |      33 |       6 |  15.4 |      17 |       4 |  19.0
        D:2 |      28 |       6 |  17.6 |      11 |       2 |  15.4
            +---------+---------+-------+---------+---------+-------
